[Event "*** Titled Tuesday Blitz"]
[Site "Chess.com"]
[Date "2020.11.03"]
[Round "1"]
[White "SanchezKelvin"]
[Black "VMikhalevski"]
[Result "1/2-1/2"]
[WhiteElo "2383"]
[BlackElo "2734"]
[TimeControl "180+1"]
[EndTime "10:09:02 PST"]
[Termination "Game drawn by repetition"]

1. d4 Nf6 2. c4 g6 3. Nf3 Bg7 4. Nc3 d5 5. Bg5 Ne4 6. cxd5 Nxg5 7. Nxg5 e6 8. Qd2 h6 9. Nh3 exd5 10. Nf4 c6 11. e3 O-O 12. Be2 Qd6 13. h4 h5 14.
g4 hxg4 15. h5 g5 16. Nd3 f5 17. O-O-O Nd7 18. Rdg1 Bf6 19. Kb1 Kh8 20. Na4 b6 21. Qc2 Bb7 22. Nc3 Rac8 23. Qa4 a6 24. h6 c5 25. Qa3 Qe7 26. dxc5 d4 27. exd4 Bxh1 28. Rxh1 Bxd4 29. Re1 Bxc5 30. Qxa6 Bd4 31. Bxg4 Qf6 32. Nd5 Qd6 33. Bf3 Rfe8 34. Rd1 Nc5 35. Qc4 Ne6 36.
Qa4 g4 37. Bh1 Red8 38. N3f4 Bf6 39. Ng6+ Kh7 40. Nxf6+ Kxg6 41. Rxd6 Rxd6 42. Nd5 Kxh6 43. a3 Rc5 44. Nf4 Rd4 45. Qa7 Rd1+ 46. Ka2 Nxf4 47.
Qxb6+ Kg5 48. Qxc5 Rxh1 49. Qe7+ Kg6 50. Qd6+ Kg5 51.
Qd8+ Kg6 52. Qb6+ Kg5 53. Qd8+ Kg6 54. Qg8+ Kf6 55. Qb8 Nh3 56. Qd6+ Kg5 57. Qe7+ Kg6 58.
Qe6+ Kg5 59. Qe7+ Kg6 60. Qe6+ Kg5 61. a4 Rf1 62. Qe3+ f4 63. Qe5+ Kh4 64. Qf6+ Kh5 65. Qf5+ Kh4 66. Qh7+ Kg5 67. Qg7+ Kh5 68. Qf7+ Kg5 69.
Qe7+ Kh5 70. Qe5+ Kh4 71. Qh8+ Kg5 72. Qg8+ Kh5 73. Qe8+ Kh4 74. Qd8+ Kh5 75. Qd5+ Kh4 76. Qd8+ Kh5 77. Qh8+ Kg5 78. Qg8+ Kh5 79. Qh7+ Kg5 80. Qg7+ Kh5 81. Qh7+ Kg5 1/2-1/2

[Event "*** Titled Tuesday Blitz"]
[Site "Chess.com"]
[Date "2020.11.03"]
[Round "1"]
[White "Chessbard1972"]
[Black "suyu28"]
[Result "0-1"]
[WhiteElo "2311"]
[BlackElo "2634"]
[TimeControl "180+1"]
[EndTime "10:09:02 PST"]
[Termination "suyu28 won by resignation"]

1. d4 Nf6 2. Nf3 e6 3. c4 d5 4. Nc3 Be7 5. Bg5 O-O 6. e3 b6 7.
cxd5 Nxd5 8. Bxe7 Qxe7 9. Rc1 Bb7 10. Bc4 Nd7 11. O-O Nxc3 12. Rxc3 Rfd8 13. Qe2 c5 14. Rd1 cxd4 15. Rxd4 Nc5 16. Rc1 Rxd4 17. Nxd4 Rd8 18.
f3 h5 19. b4 Nd7 20. Bb5 Nf6 21. a3 h4 22. Bc6 h3 23. g4 g6 24. Qf1 e5 25. Nb3 e4 26. Qxh3 Bxc6 27. Rxc6 Rd1+ 28. Kf2 Qd7 29. Rc2 exf3 30. Qxf3 Nxg4+ 31. Kg2 Ne5 32. Qe4 Nd3 33. Re2 Qc7 34. Nd4 Ne1+ 35. Kh3 Nd3 36. Kg2 Qd7 37. h3 Qc7 38. Nf3 Qd7 39. Rc2 Ne1+ 40.
Nxe1 Rxe1 41. Rf2 Rd1 42. Qf3 Rd6 43. Qa8+ Kg7 44. Qe4 Re6 45. Qd4+ Qxd4 46. exd4 Re3 47. Rf3 Re2+ 48. Kg3 Rd2 49. Rf4 Rd3+ 50. Rf3 Rxd4 51. Rc3 Rd7 52. Kg4 Kh6 53. h4 f5+ 54. Kf4 Rd4+ 55.
Kg3 Kh5 56. Rc7 Rd3+ 57. Kf2 Rxa3 58. Rh7+ Kg4 59. Rh6 Ra2+ 60. Ke3 f4+ 61. Ke4 Re2+ 62. Kd3 Re3+ 63. Kd4 Re6 64. Rh7 f3 65. Rxa7 Rf6 66.
Ra1 f2 67. Rf1 Kf3 68. Ke5 Rf5+ 69. Ke6 Ke2 70. Rxf2+ Kxf2 71. h5 Rxh5 72. Kf6 Rb5 73.
Kxg6 Rxb4 74. Kf5 Rc4 75. Ke5 b5 76. Kd5 Rc1 77. Ke5 b4 78. Kd5 b3 79. Kd4 b2 80. Kd3 b1=Q+ 81. Kd2 Qb2+ 82. Kd3 Rc3+ 83. Kd4 Qb4+ 0-1

[Event "*** Titled Tuesday Blitz"]
[Site "Chess.com"]
[Date "2020.11.03"]
[Round "1"]
[White "Ural_bogatyr"]
[Black "Bulldog167"]
[Result "0-1"]
[WhiteElo "2383"]
[BlackElo "2751"]
[TimeControl "180+1"]
[EndTime "10:09:03 PST"]
[Termination "Bulldog167 won by resignation"]

1. e4 c5 2. Nf3 d6 3. d4 cxd4 4. Qxd4 Nf6 5. Nc3 Nc6 6. Bb5 Bd7 7. Bxc6 Bxc6 8. Bg5 e6 9. O-O-O Be7 10. Qd3 Qa5 11. h4 h6 12. Bd2 Qa6 13. Qxa6 bxa6 14. Rhe1 O-O 15. Nd4 Bb7 16. Bf4 Rac8 17. f3 Rfd8 18. e5 Nh5 19. exd6 Bxh4 20. g3 Nxf4 21. gxh4 Rxd6 22.
Ne4 Rd7 23. c3 a5 24. Kc2 Rcd8 25. Nc5 Rc7 26. Nxb7 Rxb7 27. Nc6 Rxd1 28. Rxd1 a4 29. c4 Rc7 30. Rd6 Ng2 31. Kc3 Nxh4 32. Nd4 Nf5 33.
Rd8+ Kh7 34. Nb5 Rc6 35. Nxa7 Ra6 36. Nb5 h5 37. c5 h4 38. Kb4 h3 39. Rd2 g5 40. Rh2 Kg6 41. Rxh3 Ne3 42. Nd4 e5 43.
Kb5 Ra8 44. Nc6 f6 45. Ne7+ Kf7 46. Rh7+ Ke6 47. Nc6 Nd5 48. Kc4 a3 49. b4 Rc8 50.
b5 g4 51. fxg4 e4 52. Kd4 e3 53. Ke4 Nc3+ 54. Kxe3 Nxb5 55. Nd4+ Nxd4 56. Kxd4 Rg8 57. Rh4 Rd8+ 58. Kc4 Rd2 59. Rh3 Rxa2 60. Re3+ Kd7 61. Rf3 Rc2+ 62. Kb3 a2 63. Rf1 Rg2 64. Ra1 Kc6 65.
Rxa2 Rxa2 66. Kxa2 Kxc5 67. Kb3 Kd4 68. Kc2 Ke3 69. Kc3 Kf4 70. Kd2 Kxg4 71. Ke2 Kg3 72.
Ke1 f5 73. Ke2 f4 74. Kf1 Kf3 75. Kg1 Ke2 0-1

[Event "*** Titled Tuesday Blitz"]
[Site "Chess.com"]
[Date "2020.11.03"]
[Round "1"]
[White "The_Machine04"]
[Black "MomchilPetkov"]
[Result "0-1"]
[WhiteElo "2323"]
[BlackElo "2644"]
[TimeControl "180+1"]
[EndTime "10:09:04 PST"]
[Termination "MomchilPetkov won by checkmate"]

1. d4 g6 2. Nf3 Bg7 3. Nbd2 d6 4. e4 Nf6 5. Bc4 O-O 6. O-O c6 7. c3 d5 8. Bd3 dxe4 9. Nxe4 Na6 10. Bxa6 Nxe4 11.
Bd3 Nd6 12. Re1 Bf5 13. Bxf5 Nxf5 14. Bf4 Qd5 15. Qb3 Qxb3 16. axb3 e6 17. b4 a6 18. Be5 Rfd8 19. Bxg7 Kxg7 20. Ne5 Rac8 21. Nd3 Nd6 22. Nc5 Re8 23. f4 Re7 24. Kf2 Rce8 25.
Re2 h6 26. g3 g5 27. Kf3 Kh7 28.
Rg1 Rg8 29. Reg2 Nc4 30. Ne4 Kg6 31. Nc5 g4+ 32. Ke4 Nd6+ 33. Kd3 h5 34. Re1 Nf5 35. Ne4 Rh8 36. Nf2 Rd7 37. Re5 Rd5 38. Ke2 Ra8 39. Rxd5 cxd5 40. Nd3 Nd6 41. Ne5+ Kf6 42.
Kd3 a5 43. bxa5 Rxa5 44. Kc2 Ra1 45. Re2 b5 46. Kd3 Rd1+ 47. Kc2 Rh1 48. Kb3 Ne4 49. Kb4 h4 50. gxh4 Kf5 51. Kxb5 f6 52. Nd7 Kxf4 53. Kc6 Kf3 54. Rc2 f5 55. b4 Ke3 56. b5 f4 57. Ra2 g3 58. b6 Rb1 59. b7 Nf2 60. b8=Q Rxb8 61. Nxb8 g2 62. Ra1 f3 63. Kd6 Ke2 64.
Kxe6 Nd1 65. Kxd5 g1=Q 66. c4 f2 67. c5 f1=Q 68. c6 Ne3+ 69. Kc5 Qxa1 70. Kd6 Qac1 71. d5 Qg7 72. Nd7 Nf5+ 73. Kc7 Qd2 74. d6 Qxd6+ 75.
Kb7 Qgxd7+ 76. cxd7 Qxd7+ 77. Ka6 Nd6 78. h5 Qb7+ 79. Ka5 Qb5# 0-1

[Event "*** Titled Tuesday Blitz"]
[Site "Chess.com"]
[Date "2020.11.03"]
[Round "1"]
[White "Jeffinho023"]
[Black "MarkoPe"]
[Result "1/2-1/2"]
[WhiteElo "2543"]
[BlackElo "2225"]
[TimeControl "180+1"]
[EndTime "10:09:04 PST"]
[Termination "Game drawn - insufficient material"]

1. d4 Nf6 2. c4 e6 3. Nc3 Bb4 4.
e3 O-O 5. Bd3 b6 6. Ne2 Bb7 7. O-O d5 8. cxd5 Nxd5 9. Qc2 h6 10.
e4 Nf6 11. a3 Be7 12. f4 c5 13. e5 Nd5 14. Ne4 Nc6 15. dxc5 bxc5 16. N2g3 Nd4 17.
Qd1 Rc8 18. Bc4 Qb6 19. b3 Rfd8 20. Bb2 Ne3 21. Qc1 Nxf1 22. Qxf1 Nxb3 23. Rb1 Nd2 24. Nxd2 Rxd2 25. Bc3 Rxg2+ 26. Qxg2 Qxb1+ 27. Qf1 Qxf1+ 28. Kxf1 Bd5 29. Be2 c4 30. a4 Bc5 31. Ke1 g6 32.
Nf1 h5 33. Nd2 Be3 34. Nb1 Bxf4 35. h3 Be3 36. Na3 a6 37. Nc2 Bf4 38. Nb4 a5 39. Nc2 h4 40. Kf1 Kf8 41. Bxa5 Bxe5 42. Bb4+ Kg7 43.
a5 Bb7 44. Ne3 Ba6 45. Ng4 Bd4 46. Ke1 Rc6 47. Kd1 c3 48. Bxa6 Rxa6 49. Kc2 Rc6 50. Nh2 f5 51. Nf3 e5 52. Ng5 Kf6 53. Nf3 g5 54. Ba3 Ra6 55. Bb4 Ke6 56. Ne1 Kd5 57.
Kb3 e4 58. Kc2 f4 59. Be7 f3 60. Bxg5 f2 61. Ng2 f1=Q 62. Nf4+ Kc4 63. Bxh4 e3 64.
Be1 e2 65. Nd3 Kd5 66. Nb4+ Kc4 67. Nd3 Kb5 68. Bxc3 Kc6 69. Bxd4 Kd5 70. Bc3 e1=Q 71.
Bxe1 Rc6+ 72. Kd2 Qg2+ 73. Bf2 Qxh3 74. Nf4+ Kc4 75. Nxh3 Kb5 76. Nf4 Kxa5 77. Bd4 Kb5 78. Kd3 Rd6 79. Ne2 Rxd4+ 80. Nxd4+ 1/2-1/2

[Event "*** Titled Tuesday Blitz"]
[Site "Chess.com"]
[Date "2020.11.03"]
[Round "1"]
[White "dragos420"]
[Black "annacramling"]
[Result "1-0"]
[WhiteElo "2487"]
[BlackElo "1971"]
[TimeControl "180+1"]
[EndTime "10:09:05 PST"]
[Termination "dragos420 won by resignation"]

1. e4 c5 2. Nf3 Nc6 3. Bb5 Nd4 4. Nxd4 cxd4 5. O-O a6 6. Ba4 Nf6 7. d3 e6 8. Nd2 Bc5 9. a3 O-O 10. b4 Be7 11.
Bb3 b5 12. Bb2 e5 13. c3 dxc3 14. Bxc3 Bb7 15. Bxe5 d5 16. f3 Re8 17. d4 Nd7 18.
exd5 Nxe5 19. dxe5 Bxd5 20. Ne4 Bxb3 21. Qxb3 Qb6+ 22. Kh1 Rad8 23. Rad1 Qc7 24. e6 f5 25. Ng3 Qe5 26. Rfe1 Qf6 27. Rd7 f4 28. Ne4 Qh4 29. Red1 Kh8 30. Qd5 Rc8 31. Nc5 h6 32. Rb7 Qf6 33.
Nxa6 Rc2 34. Qxb5 Qg6 35. Qf1 Bf6 36. Nc5 Rc8 37. Rbd7 Bg5 38. R7d5 Kh7 39. Ne4 Ra2 40. Nxg5+ hxg5 41. R5d2 Qxe6 42. Rxa2 Qxa2 43. Qe1 Rc2 44. Qf1 Rf2 45. Qd3+ Kh6 46. Qd6+ Kh7 47. Qd3+ Kh6 48. Rg1 Rd2 49. Qf5 Qxa3 50. h4 Qd3 51. hxg5+ Kh5 52. Qxf4 Kg6 53. Qg4 Qf5 54. Qxf5+ Kxf5 55. Rb1 Kxg5 56. b5 Rd7 57. b6 Rb7 58. Rb5+ Kf6 59. Kh2 Ke6 60. Kg3 Kd6 61. Kf4 Kc6 62. Rg5 Kxb6 63.
Kf5 Rf7+ 64. Kg6 Re7 65. Rf5 Re2 66. g4 Re7 67. Rf7 Re3 68. Kxg7 Rd3 69. f4 Rg3 70. g5 Kc6 71. Kg6 Kd6 72. f5 Ke5 73. Re7+ Kd6 74.
Re6+ Kd7 75. Kf6 Kd8 76. g6 Kd7 77. g7 Kd8 78. Kf7 1-0

[Event "*** Titled Tuesday Blitz"]
[Site "Chess.com"]
[Date "2020.11.03"]
[Round "1"]
[White "canary2016"]
[Black "Chessdreamer2020"]
[Result "0-1"]
[WhiteElo "1949"]
[BlackElo "2482"]
[TimeControl "180+1"]
[EndTime "10:09:05 PST"]
[Termination "Chessdreamer2020 won on time"]

1. Nf3 d6 2. d4 g6 3. c4 Bg7 4. g3 e5 5. dxe5 dxe5 6. Qxd8+ Kxd8 7.
Bg2 c6 8. Nc3 Be6 9. Nd2 f6 10.
O-O Nd7 11. b3 Kc7 12. Bb2 Nh6 13. Rfd1 Nf5 14. e3 Rhd8 15. Rac1 Bh6 16. Nde4 Bf8 17. Rc2 Be7 18. Rcd2 Nf8 19. Kf1 Rxd2 20. Rxd2 Nd7 21.
Ke2 Nc5 22. Nxc5 Bxc5 23. Ne4 Be7 24. Bf3 a5 25. a3 a4 26. bxa4 Bxc4+ 27. Ke1 Rxa4 28.
Nc3 Ra8 29. a4 Bb3 30. Bd1 Bxd1 31. Kxd1 Nd6 32. Kc2 Nc4 33. Rd1 Nxb2 34. Kxb2 Bb4 35. Ra1 Ra5 36. Kb3 Be7 37. Ne4 f5 38. Nd2 b5 39. h3 Kb6 40. Ra2 Rxa4 41. Rxa4 bxa4+ 42. Kxa4 Kc5 43. Kb3 Kd5 44. Kc3 Bd8 45. Kd3 e4+ 46. Ke2 Ba5 47. Nb3 Bc3 48. f3 Kc4 49.
Nc1 c5 50. fxe4 fxe4 51. Kd1 Kb4 52. Kc2 Be1 53. g4 Kc4 54. Ne2 Ba5 55. Nf4 Be1 56. Ne6 h5 57. gxh5 gxh5 58. Nf4 h4 59. Ng6 Kd5 60.
Nf4+ Ke5 61. Kd1 Bg3 62. Ne2 Kd5 63. Kc2 Be5 64. Ng1 Kc4 65. Ne2 Kb4 66. Nc1 Kb5 67. Ne2 Kb4 68. Nc1 c4 69. Ne2 Bf6 70. Nf4 Bg5 71.
Ng6 Bxe3 72. Nxh4 Bf2 73. Ng2 e3 74. h4 e2 75. h5 e1=Q 76. Nxe1 Bxe1 77. h6 Bc3 78. h7 Bh8 79. Kc1 c3 80. Kc2 Kc4 81. Kc1 Kd3 82. Kd1 Kc4 83. Kc2 Kb4 84. Kc1 Kb3 85.
Kb1 c2+ 86. Kc1 Bb2+ 87. Kd2 c1=Q+ 88. Ke2 Qc4+ 89. Kf2 Qe4 0-1

[Event "*** Titled Tuesday Blitz"]
[Site "Chess.com"]
[Date "2020.11.03"]
[Round "1"]
[White "enriquebutti"]
[Black "kingofthenil"]
[Result "0-1"]
[WhiteElo "1976"]
[BlackElo "2488"]
[TimeControl "180+1"]
[EndTime "10:09:08 PST"]
[Termination "kingofthenil won by resignation"]

1. Nf3 Nf6 2. b3 d5 3. Bb2 Bf5 4. e3 e6 5. d4 Nbd7 6. Bd3 Bd6 7. Nbd2 O-O 8. Qe2 Qe7 9. Ne5 Ba3 10. Bc3 Bxd3 11.
cxd3 c5 12. dxc5 Qxc5 13. Bd4 Qd6 14. Nxd7 Nxd7 15. Rd1 Rfc8 16. Nf3 e5 17. Ba1 f6 18. O-O Rc6 19. e4 d4 20. Nd2 b5 21.
Qg4 Qe6 22. Qxe6+ Rxe6 23. Nb1 Ra6 24. f4 Rc8 25. fxe5 fxe5 26. Rf2 Bc1 27. Kf1 Be3 28.
Re2 Rf8+ 29. Ke1 Raf6 30. Nd2 Nc5 31. Nf3 Re8 32. Bb2 Ne6 33. Rxe3 dxe3 34. Bxe5 Rg6 35. g3 Ng5 36. Nxg5 Rxe5 37. Nf3 Re8 38. Ke2 Ra6 39. Ra1 Rc8 40. Nd4 b4 41. Kxe3 g6 42. e5 Kf7 43.
e6+ Ke7 44. Rf1 Rf8 45. Rc1 Rxa2 46. Rc7+ Kd6 47. Rd7+ Ke5 48. e7 Re8 49. Nc6+ Kf6 50. Rd8 Kf7 51. d4 Ra3 52. d5 Rxb3+ 53. Ke4 Rxe7+ 54.
Nxe7 Kxe7 55. Rh8 a5 56. Rxh7+ Kd6 57. Rg7 a4 58. Rxg6+ Kd7 59. Rg7+ Kd6 60. Rg6+ Kd7 61. Rg7+ Kd8 62. Rg8+ Ke7 63. Rg7+ Kf8 64. Ra7 a3 65. d6 Ke8 66. h4 Rb2 67. h5 a2 68.
h6 b3 69. h7 Rh2 70. d7+ Kd8 71. Ra8+ Kxd7 72. Ra7+ Kc6 73. g4 Rxh7 74. Rxa2 bxa2 75. g5 a1=Q 76. g6 Re7+ 0-1

[Event "*** Titled Tuesday Blitz"]
[Site "Chess.com"]
[Date "2020.11.03"]
[Round "1"]
[White "Brave_spirit12"]
[Black "Nachsueb"]
[Result "1-0"]
[WhiteElo "2495"]
[BlackElo "2033"]
[TimeControl "180+1"]
[EndTime "10:09:22 PST"]
[Termination "Brave_spirit12 won on time"]

1. e4 e6 2. d4 d5 3. Nc3 Bb4 4. exd5 exd5 5. Bd3 Nf6 6. Ne2 Nc6 7. Bg5 Bg4 8. f3 Bh5 9. Qd2 Bg6 10. O-O-O Qd7 11. Rhe1 O-O-O 12. Nf4 Bxd3 13. Nxd3 Ba5 14. Ne5 Nxe5 15.
dxe5 h6 16. Bh4 g5 17. exf6 d4 18. Re7 Qc6 19. Bg3 dxc3 20. Qe2 cxb2+ 21. Kb1 Rxd1+ 22.
Qxd1 Rd8 23. Qe2 Qxf6 24. Re8 Qc6 25. Rxd8+ Kxd8 26. Be5 Qc5 27. Bf6+ Kd7 28. Qd3+ Qd6 29. Qf5+ Qe6 30. Qxa5 Qxf6 31. Qxa7 b6 32. Qb7 Qd4 33. Qa8 f5 34. Qg8 Qg1+ 35. Kxb2 Qxg2 36. Qd5+ Ke7 37.
Qe5+ Kd8 38. Qf6+ Ke8 39. Qe6+ Kd8 40. Qd5+ Ke7 41. Qxf5 Qxh2 42. Qh7+ Kd6 43. Qg6+ Kd5 44. Qf7+ Kc6 45. Qe6+ Qd6 46. Qe8+ Qd7 47. Qa8+ Kd6 48. Qf8+ Qe7 49. Qxh6+ Kd7 50. Qh3+ Kc6 51. Qh6+ Kb7 52. Qh1 Qb4+ 53. Ka1 Qc3+ 54. Kb1 Qb4+ 55. Kc1 Qf4+ 56.
Kd1 Qd4+ 57. Ke2 Qc4+ 58. Kd2 Qd4+ 59. Ke2 Qc4+ 60. Ke3 Qf4+ 61. Kf2 Qd2+ 62. Kg3 Qf4+ 63. Kh3 Qh4+ 64. Kg2 Qc4 65. Qh7 Qe2+ 66. Kg3 Qe5+ 67.
Kf2 Qd4+ 68. Ke2 Qc4+ 69. Qd3 Qxa2 70. Qe4+ Ka7 71. Kf2 Qf7 72. Qc6 Qe7 73. Qa4+ 1-0

[Event "*** Titled Tuesday Blitz"]
[Site "Chess.com"]
[Date "2020.11.03"]
[Round "1"]
[White "Kolle05"]
[Black "Revnov"]
[Result "0-1"]
[WhiteElo "2364"]
[BlackElo "2711"]
[TimeControl "180+1"]
[EndTime "10:09:24 PST"]
[Termination "Revnov won by checkmate"]

1. e4 c5 2. Nf3 d6 3. Bb5+ Bd7 4.
Bxd7+ Qxd7 5. c4 Nc6 6. Nc3 e5 7. d3 Be7 8. O-O f5 9. a3 Nf6 10. b4 Nd4 11. bxc5 fxe4 12. dxe4 dxc5 13. Nxe5 Qe6 14.
Qa4+ b5 15. Nxb5 Ne2+ 16. Kh1 Qxe5 17. Ra2 O-O 18. Rxe2 Ng4 19. g3 a6 20. Bf4 Qh5 21.
f3 axb5 22. Qb3 Ne5 23. cxb5+ c4 24. Qc3 Bf6 25. Bxe5 Bxe5 26. Qxc4+ Kh8 27. f4 Rac8 28. Qa2 Bd4 29. Kg2 Qxb5 30. Qd2 Bc5 31. Rd1 Bxa3 32. e5 Bb4 33. Qe3 h6 34. Qf3 Rfe8 35. Rd5 Qa6 36.
Rd3 Rc4 37. f5 Bf8 38. f6 Qc8 39. fxg7+ Bxg7 40. e6 Rc7 41. Qf5 Rce7 42. Rde3 Rf8 43. Qg6 Qe8 44. Qg4 Bf6 45. Re4 Rg7 46. Qf4 Be7 47.
Qxh6+ Kg8 48. Qe3 Qg6 49. h3 Qh5 50. g4 Qh4 51. Rf4 Rd8 52. Rf7 Rxf7 53. exf7+ Kxf7 54. Qe6+ Kf8 55. Rf2+ Ke8 56. Qg8+ Kd7 57. Rd2+ Bd6 58. Qf7+ Qe7 59. Qf5+ Qe6 60. Qxe6+ Kxe6 61. Re2+ Be5 62.
Kf3 Rd3+ 63. Re3 Rd4 64. h4 Ra4 65. Re4 Ra3+ 66. Re3 Ra4 67. Re4 Ra3+ 68. Re3 Ra1 69. g5 Kf5 70. Rb3 Ra4 71. Rb5 Rxh4 72. g6 Rh6 73. g7 Rg6 74. Rb7 Bxg7 75. Rb5+ Be5 76. Kf2 Rg4 77. Ke2 Ra4 78. Rc5 Ke4 79. Rc8 Ra2+ 80.
Kd1 Bd4 81. Rd8 Kd3 82. Rc8 Rh2 83. Re8 Rd2+ 84. Ke1 Rb2 85. Kf1 Be3 86. Re6 Ra2 87. Ke1 Ra1# 0-1

[Event "*** Titled Tuesday Blitz"]
[Site "Chess.com"]
[Date "2020.11.03"]
[Round "1"]
[White "chessmadara"]
[Black "TrickyFortem"]
[Result "0-1"]
[WhiteElo "2222"]
[BlackElo "2555"]
[TimeControl "180+1"]
[EndTime "10:09:31 PST"]
[Termination "TrickyFortem won on time"]

1. e4 c5 2. Nf3 d6 3. d4 cxd4 4. Nxd4 Nf6 5. Nc3 a6 6. g3 e5 7. Nde2 Nc6 8. Bg2 b5 9. O-O Be7 10. Nd5 Nxd5 11. Qxd5 Bb7 12. Qd1 O-O 13. a4 b4 14. c4 a5 15. Be3 Nb8 16. Qd2 Nd7 17. Rfd1 Qc7 18. Rac1 Rfd8 19. Rc2 Rac8 20. Nc1 Nc5 21.
Bxc5 dxc5 22. Qe2 Rxd1+ 23. Qxd1 Rd8 24. Rd2 Rxd2 25. Qxd2 Qd6 26. Qxd6 Bxd6 27. Nd3 f6 28. b3 Bc8 29. h3 Kf7 30. Kf1 h5 31. Ke2 g6 32.
Ke3 Bd7 33. h4 Bg4 34. Bf1 Bd1 35. Nc1 Bg4 36. f3 Bc8 37. Nd3 f5 38. Bg2 Kf6 39. Ke2 Bb7 40. Ke3 Bc6 41. Ke2 Bd7 42. Ke3 g5 43. Kf2 f4 44. gxf4 exf4 45. hxg5+ Kxg5 46. e5 Be7 47. Bf1 Bf5 48. Kg2 h4 49. Kh2 Bg6 50.
Be2 Kf5 51. Bf1 Bh5 52. Bh3+ Kg5 53. Bg2 Bg6 54. Bf1 Bf5 55. Be2 Bf8 56. Bf1 Bg6 57.
Be2 Bh5 58. Kh3 Be7 59. Kh2 Kf5 60. Kh3 Bf7 61. Kh2 Be8 62. Kh3 Kg5 63. Kh2 Bc6 64. Kh3 Bd7+ 65. Kh2 Bc6 66. Kh3 Bb7 67. Kh2 Bc8 68.
Bf1 Bf5 69. Be2 Bf8 70. Bf1 Bc8 71. Be2 Be6 72. Bf1 Bf5 73. Be2 h3 74. Bf1 Kh4 75.
Be2 Kh5 76. Bf1 Kh4 77. Be2 Bg7 78. Bf1 Kg5 79. Be2 Bd7 80. Bf1 Bf5 81. Be2 Kh4 82. Bf1 Bc8 83. Be2 Bb7 84. Nxc5 Bc8 85. e6 Bf6 86.
Nd7 Be7 87. Ne5 Kg5 88. Nc6 Bd6 89. e7 Bd7 90. Nxa5 Bxe7 91. Nb7 Kf6 92. a5 Ke5 93. a6 Bc6 94. Na5 Ba8 95. Kxh3 Kd4 96. Kg4 Bd6 97. Kf5 Bc7 98. Nb7 Kc3 99. Ke6 Kxb3 100.
Kd7 Bb6 101. Kc6 Be3 102. c5 Kc2 103. Bc4 Kc3 104. Bd5 b3 105. Bxb3 Kxb3 106. Kc7 Kb4 107. Kb8 Bxc5 108. Kxa8 Bb6 109. Kb8 Kc4 110. Nd6+ Kd3 111. Kb7 Bd4 112. Nf5 Bc5 0-1

[Event "*** Titled Tuesday Blitz"]
[Site "Chess.com"]
[Date "2020.11.03"]
[Round "1"]
[White "Gahan-MG"]
[Black "lamomiablanca"]
[Result "0-1"]
[WhiteElo "2541"]
[BlackElo "2261"]
[TimeControl "180+1"]
[EndTime "10:09:38 PST"]
[Termination "lamomiablanca won by resignation"]

1. e4 c5 2. c3 g6 3. d4 Qc7 4. d5 d6 5. Nf3 Bg7 6. h3 Nf6 7. Bd3 O-O 8. O-O e6 9. c4 e5 10. Nc3 a6 11. Nh4 Qe7 12. Qe1 Nh5 13. Nf3 Nd7 14. Ne2 f5 15. Ng3 Nxg3 16. fxg3 fxe4 17.
Bxe4 Nf6 18. Bc2 Bd7 19. Ng5 Rae8 20. Ne4 Nxe4 21. Bxe4 Rxf1+ 22. Qxf1 Rf8 23. Qd3 b5 24. b3 Bf6 25. Bh6 Bg7 26. Qd2 Bxh6 27. Qxh6 Qg7 28. Qd2 Qf6 29. Kh2 Kg7 30. Qa5 bxc4 31. bxc4 Bc8 32.
Rb1 Qe7 33. Rb8 h5 34. Qb6 h4 35. gxh4 Qxh4 36. Rxc8 Rxc8 37. Qb7+ Kh6 38. Qxc8 Qxe4 39. Qf8+ Kg5 40. Qe7+ Kh6 41. Qxd6 Qf4+ 42. Kg1 Qc1+ 43. Kf2 Qd2+ 44. Kf3 Qf4+ 45. Ke2 Qxc4+ 46. Kd2 Qd4+ 47. Kc2 Qc4+ 48. Kb2 Qb4+ 49. Kc2 Qc4+ 50. Kd2 Qxa2+ 51. Ke3 Qb3+ 52. Ke4 Qc2+ 53. Kxe5 c4 54. Qf8+ Kg5 55.
Qf6+ Kh5 56. g4+ Kh6 57. Qf8+ Kg5 58. Qf4+ Kh4 59. g5+ Kxh3 60. d6 Qd3 61. Qf7 c3 62. d7 Qe3+ 63. Kd6 Qd4+ 64. Kc7 c2 65. Qe6+ Kh4 66.
Qc6 Qe5+ 67. Kc8 Qf5 68. Kc7 Qf4+ 69. Kb7 c1=Q 70. Qxc1 Qxc1 71. d8=Q Qxg5 72. Qd4+ Kh3 73. Qh8+ Kg4 74. Qd4+ Qf4 75. Qg1+ Qg3 76. Qd4+ Qf4 77. Qg1+ Kf5 78. Qc5+ Qe5 79. Qf2+ Ke6 80. Kxa6 g5 81. Kb6 g4 82. Qh4 Qf5 83. Qh6+ Ke5 84. Qe3+ Qe4 85.
Qg5+ Kd4 86. Kb5 Qd5+ 0-1

[Event "*** Titled Tuesday Blitz"]
[Site "Chess.com"]
[Date "2020.11.03"]
[Round "1"]
[White "tk22h"]
[Black "Margency"]
[Result "1/2-1/2"]
[WhiteElo "2382"]
[BlackElo "2718"]
[TimeControl "180+1"]
[EndTime "10:10:24 PST"]
[Termination "Game drawn - insufficient material"]

1. c4 Nf6 2. Nc3 g6 3. e4 d6 4.
d4 Bg7 5. Be2 O-O 6. Nf3 e5 7.
dxe5 dxe5 8. Qxd8 Rxd8 9. Nd5 Na6 10. Bg5 Rd6 11. Nxf6+ Bxf6 12. Bxf6 Rxf6 13. Nxe5 Re6 14. f4 Nc5 15. O-O-O Re8 16. Bf3 f6 17. Nd3 Nxe4 18. Rhe1 Nd6 19. c5 Rxe1 20. Rxe1 Nf7 21. Re8+ Kg7 22.
c6 bxc6 23. Bxc6 Rb8 24. Bd5 Nd6 25. Re7+ Kh8 26. Rxc7 Bf5 27. Nc5 a5 28. h3 h5 29.
Nd7 Bxd7 30. Rxd7 Nf5 31. Ra7 Rb5 32. Be4 Rc5+ 33. Kd2 h4 34. Bxf5 Rxf5 35. Ke3 Rb5 36. b3 f5 37. Kd4 Kg8 38. Rd7 Kf8 39. Ra7 Kg8 40. Rd7 Kf8 41. Rd5 Rb4+ 42. Ke5 Ke7 43.
Rxa5 Re4+ 44. Kd5 Rxf4 45. Ra6 g5 46. Rg6 g4 47. hxg4 fxg4 48. Ke5 Rb4 49. Kf5 h3 50.
gxh3 gxh3 51. Rh6 Rb5+ 52. Ke4 Ra5 53. a4 Rc5 54. Rxh3 Kd7 55. Kd4 Rc1 56. Rc3 Rb1 57. Kc4 Kc6 58. Kb4+ Kb6 59. a5+ Kb7 60. Rh3 Rg1 61.
Ka4 Ka6 62. Rh6+ Kb7 63. b4 Rg4 64. Rd6 Rh4 65. Kb5 Rh5+ 66. Kc4 Rh4+ 67. Kc5 Rh5+ 68. Rd5 Rh7 69. b5 Rc7+ 70. Kb4 Rh7 71. a6+ Ka7 72. Ka5 Rh6 73. Rd7+ Kb8 74. Re7 Ka8 75. Kb4 Rh4+ 76. Kc5 Rh5+ 77. Kc6 Rh6+ 78. Kc7 Ka7 79. b6+ Rxb6 80.
Kc8+ Kxa6 81. Rc7 Rh6 82. Rd7 Kb6 83. Rb7+ Ka6 84. Rd7 Rf6 85. Rc7 Kb6 86. Rd7 Rf8+ 87. Rd8 Rf7 88. Rd7 Rf6 89. Rd8 Kc6 90. Re8 Rf7 91.
Rd8 Ra7 92. Kb8 Rb7+ 93. Kc8 Rc7+ 94. Kb8 Rb7+ 95. Kc8 Rg7 96. Re8 Kb6 97. Re6+ Ka7 98.
Rd6 Rg8+ 99. Kd7 Rg7+ 100. Kc8 Rg5 101. Rd7+ Kb6 102. Rb7+ Kc6 103. Rc7+ Kd6 104. Rd7+ Ke6 105. Rc7 Rb5 106. Rc6+ Kd5 107. Rc7 Rb1 108. Rd7+ Ke6 109. Rc7 Rh1 110. Rc6+ Kd5 111. Rc7 Rh8+ 112. Kb7 Kd6 113. Rc6+ Kd7 114. Rc7+ Kd6 115. Rc6+ Kd5 116. Rc7 Rh2 117. Rd7+ Kc5 118. Rc7+ Kb5 119. Rd7 Rh6 120. Rc7 Rb6+ 121. Kc8 Rc6 122. Rxc6 Kxc6 1/2-1/2

[Event "*** Titled Tuesday Blitz"]
[Site "Chess.com"]
[Date "2020.11.03"]
[Round "1"]
[White "ElusiveCat"]
[Black "PotapovaM"]
[Result "1/2-1/2"]
[WhiteElo "2304"]
[BlackElo "2599"]
[TimeControl "180+1"]
[EndTime "10:11:29 PST"]
[Termination "Game drawn by 50-move rule"]

1. d4 Nf6 2. c4 e6 3. Nc3 Bb4 4.
f3 d5 5. a3 Be7 6. e4 dxe4 7.
fxe4 c5 8. d5 exd5 9. exd5 O-O 10.
Nf3 Re8 11. Be2 Bd6 12. O-O a6 13. Bg5 Nbd7 14. Bd3 h6 15. Bh4 Qc7 16. h3 Rb8 17.
a4 Bf4 18. Nd2 Be3+ 19. Kh1 Bg5 20. Bxg5 hxg5 21. Nde4 Nxe4 22. Nxe4 f6 23. Qh5 Re5 24. Ng3 Nf8 25. Bf5 Qf7 26. Qg4 Bd7 27. Bxd7 Qxd7 28.
Qh5 Qf7 29. Qf3 Ng6 30. Nf5 Nf4 31. g3 Rxf5 32. gxf4 Rxf4 33. Qg3 Rxf1+ 34. Rxf1 Re8 35. Qd6 Qe7 36. Qxe7 Rxe7 37. Rf3 Kf7 38. Rb3 Ke8 39. Kg2 Kd8 40. Kf2 Kc8 41. Rb6 Re4 42. b3 g4 43.
hxg4 Rxg4 44. a5 Re4 45. Kf3 Re5 46. Kf2 Re8 47. b4 cxb4 48. Rxb4 g5 49. Rb6 Rf8 50. Re6 Kd7 51. Rb6 Kc7 52. Re6 f5 53. Rg6 g4 54.
c5 Rf7 55. Rg8 Rd7 56. d6+ Kc6 57. Rc8+ Kb5 58. Rc7 Rd8 59. d7 Kxa5 60. Kg3 Kb5 61. Kf4 a5 62. Rxb7+ Kxc5 63. Kxf5 g3 64. Rb3 g2 65. Rg3 Rxd7 66. Rxg2 Re7 67. Rb2 a4 68. Rb8 Re3 69. Rc8+ Kb4 70. Kf4 Re2 71. Kf3 Re7 72.
Rb8+ Ka3 73. Kf2 Re5 74. Kf3 Ka2 75. Kf2 a3 76. Kf3 Re6 77. Kf2 Ka1 78. Kf3 a2 79. Kf2 Re5 80. Kf1 Re4 81. Kf2 Re7 82. Kf1 Rc7 83.
Ke2 Rc2+ 84. Kd1 Rb2 85. Rc8 Rb1+ 86. Kc2 Rb2+ 87. Kc1 Rb1+ 88. Kc2 Rh1 89. Rb8 Rh2+ 90. Kc1 Rh4 91. Rc8 Rg4 92. Kc2 Rf4 93. Kc1 Re4 94. Kc2 Re2+ 95. Kc1 Rb2 96. Rc7 Rb5 97. Rc8 Rb6 98. Rc7 Rb8 99. Rc6 Rb5 100. Rc7 Rb4 101. Rc6 Rh4 102. Rc7 Rh8 103. Rc6 Rh7 104. Rc5 Rh4 105.
Rc6 Rh7 106. Rc5 Rh3 107. Rc6 Rh2 108. Rc7 Rh1+ 109. Kc2 Rh6 110. Kc1 Re6 111. Kc2 Ra6 112. Kc1 Ra8 113. Kc2 Rb8 114. Kc1 Rd8 115. Kc2 Rd6 116. Kc1 Rd4 117. Kc2 Rf4 118. Kc1 Rf2 119. Rc8 Rf1+ 120. Kc2 Rf2+ 121. Kc1 Rf1+ 122. Kc2 Rf3 123. Rc7 Rf8 124. Kc1 Rf6 125. Kc2 Rf5 126. Kc1 Rg5 127. Kc2 Rg2+ 128. Kc1 Rg4 1/2-1/2

[Event "*** Titled Tuesday Blitz"]
[Site "Chess.com"]
[Date "2020.11.03"]
[Round "2"]
[White "ErikRonka"]
[Black "MYMChessAcademy"]
[Result "1-0"]
[WhiteElo "2382"]
[BlackElo "2073"]
[TimeControl "180+1"]
[EndTime "10:13:50 PST"]
[Termination "ErikRonka won by checkmate"]

1. e4 c5 2. Nf3 d6 3. d4 cxd4 4. Nxd4 a6 5. Nc3 e6 6. Be3 b5 7.
f3 Bb7 8. Qd2 Nd7 9. O-O-O Ngf6 10. g4 h6 11. h4 Be7 12. Rg1 Rc8 13. g5 hxg5 14. hxg5 Nh7 15. g6 Nhf6 16. gxf7+ Kxf7 17. Qg2 Rg8 18. Qg6+ Kf8 19. Nxe6# 1-0